 Dungeon Crawl Stone Soup version 0.30-a0-172-gc5509c9e31 (webtiles) character file.

Game seed: 2571666189946759041

117 KennySheep the Sneak (level 4, -13/39 HPs)
             Began as a Palentonga Delver on Oct 1, 2022.
             Was a Follower of Cheibriados.
             Mangled by a goblin
             ... wielding a +1 dagger of distortion
             ... led by Robin
              (15 damage)
             ... on level 2 of the Dungeon.
             The game lasted 00:08:45 (1524 turns).

KennySheep the Sneak (Palentonga Delver)            Turns: 1524, Time: 00:08:45

Health: -13/39     AC:  5    Str: 26    XL:     4   Next: 71%
Magic:  4/4        EV: 10    Int: 12    God:    Cheibriados [*.....]
Gold:   164        SH:  0    Dex: 15    Spells: 3/3 levels left

rFire   . . .      SeeInvis +    a - +0 short sword
rCold   . . .      Faith    .    (no shield)
rNeg    . . .      Spirit   .    b - +0 leather armour
rPois   .          Reflect  .    (no helmet)
rElec   .          Harm     .    (no cloak)
rCorr   .          Rampage  .    o - +0 pair of gloves
Will    .....                    (no barding)
Stlth   +++++.....               (no amulet)
HPRegen 0.26/turn                k - ring of Shadows {Umbra +Inv Stlth+}
MPRegen 0.09/turn                j - +6 ring of strength

@: attractive, wreathed by umbra, very slow
A: large, rugged brown scales 3, see invisible, deformed body, roll 1, armoured
tail
a: Rolling Charge, Renounce Religion, Evoke Invisibility, Bend Time


You were on level 2 of the Dungeon.
You worshipped Cheibriados.
Cheibriados was aware of your devotion.
You visited 2 branches of the dungeon, and saw 7 of its levels.

You collected 164 gold pieces.

Inventory:

Hand Weapons
 a - a +0 short sword (weapon)
Armour
 b - a +0 leather armour (worn)
 o - a +0 pair of gloves (worn)
Jewellery
 j - a +6 ring of strength (right hand)
 k - the ring of Shadows (left hand) {Umbra +Inv Stlth+}
   (You found it on level 5 of the Dungeon)

   [ring of stealth]

   It surrounds you with an aura of shadow, increasing your stealth and reducing
   the accuracy of all others within it.
   +Inv:      It lets you turn invisible.
   Stlth:     It makes you more stealthy.
Wands
 g - a wand of digging (3)
 h - a wand of iceblast (12)
Scrolls
 c - a scroll of fog
 d - a scroll of magic mapping
 e - a scroll of noise {unknown}
 i - 8 scrolls of identify
 l - a scroll of vulnerability {unknown}
 p - a scroll of summoning {unknown}
Potions
 f - a potion of haste


   Skills:
 + Level 3.7 Fighting
 * Level 3.0 Short Blades
 + Level 2.4 Dodging
 + Level 3.8 Stealth
 + Level 0.1 Invocations


You had 3 spell levels left.
You didn't know any spells.
Your spell library was empty.

Dungeon Overview and Level Annotations

Branches:
Dungeon (6/15)             Temple (1/1) D:5

Altars:
Ashenzari
Cheibriados
Dithmenos
Elyvilon
Fedhas
Gozag
Hepliaklqana
Kikubaaqudgha
Makhleb
Nemelex Xobeh
Okawaru
Qazlal
Ru
Sif Muna
Trog
Uskayaw
Wu Jian
Xom
Yredelemnul
The Shining One

Annotations:
D:2 Robin
Temple 2 transporters


Innate Abilities, Weirdness & Mutations

You are completely covered in rugged brown scales. (AC +3, +7% HP)
You have supernaturally acute eyesight. (SInv)
Armour fits poorly on your strangely shaped body.
You can roll at nearby foes to attack.
You have a long armoured tail.


Message History

The goblin is moderately wounded.
The goblin hits you with a +1 dagger of distortion.
Space warps around you. Robin hits you with a +0 spear.
The goblin completely misses you. Robin barely misses you.
You bump into the rock wall.
The goblin hits you with a +1 dagger of distortion.
You blink.
Robin throws the goblin at you! Robin is attracted toward you.
Robin attacks as you move away! Robin closely misses you.
The goblin misses you.
Robin hits you from afar with a +0 spear.
The goblin hits you but does no damage.
You blink.
The goblin is attracted toward you. Robin is attracted toward you.
You're too confused to move!
The goblin hits you with a +1 dagger of distortion.
Space warps around you. Robin throws the goblin at you!
Robin is attracted toward you. Robin attacks as you move away!
Robin barely misses you.
The goblin hits you with a +1 dagger of distortion.
Space warps around you. Robin closely misses you.
Robin is attracted toward you. The goblin is attracted toward you.
The goblin attacks as you move away! The goblin barely misses you.
You feel less invigorated.
You feel less confused. Robin hits you but does no damage.
The goblin hits you but does no damage.
You hit Robin but do no damage.
Robin is lightly wounded.
The goblin hits you but does no damage. Space warps horribly around you!
Robin hits you with a +0 spear.
* * * LOW HITPOINT WARNING * * *
The goblin hits you but does no damage.
Okay, then.
Okay, then.
As you read the scroll labelled SAMUMY MUTEPS, it crumbles to dust.
The creatures around you are filled with an inner flame!
It was a scroll of immolation.
The goblin hits you with a +1 dagger of distortion.
* * * LOW HITPOINT WARNING * * *
Space warps horribly around you!
You die...

####.......# #...# #.......##
#.......##.###...#####.###.#.##
#.......##........>..#.#..†...#
...........................#.....
..##.#..##.......<...#.#...#..###
..##.#..##.###...#####.#...# .#
.......)...# #...# #........#
..##.#..#### #.g.# ###.#.##.#
........# #.g@# #.... # .###.##.#
##g## ###.## ........#######.# ..
###..........##.## ########
###..#.#.#.#.##..## #......#
........###.....#.####.####.#
###.#..## ##.#.###.#........#
#.#...###.§g## ##......#..#
#......#.#...###.#.#.#.#.>#


You could see Robin (inner flame) and 2 goblins.

Vanquished Creatures
  A bullfrog (D:4)
  2 adders
  A dart slug (D:1)
  3 bats
  7 endoplasms
  6 goblins (D:2)
  5 hobgoblins
  A kobold (D:2)
  A ball python (D:1)
  2 frilled lizards (D:2)
  A rat (D:2)
30 creatures vanquished.

Notes
Turn   | Place    | Note
-------+----------+-------------------------------------------
     0 | D:5      | KennySheep the Palentonga Delver began the quest for the
                  | Orb.
     0 | D:5      | Reached XP level 1. HP: 19/19 MP: 1/1
    19 | D:5      | Noticed a water moccasin
    27 | D:5      | Found a staircase to the Ecumenical Temple.
    36 | Temple   | Entered the Ecumenical Temple
    36 | Temple   | Found a transporter.
    36 | Temple   | Found a transporter.
    38 | Temple   | Found a transporter.
    38 | Temple   | Found a transporter.
    56 | Temple   | Became a worshipper of Cheibriados the Contemplative
   211 | D:5      | Noticed an orc wizard
   243 | D:5      | Found the ring of Shadows {Umbra +Inv Stlth+}
   258 | D:4      | Noticed a bullfrog
   438 | D:4      | Killed a bullfrog
   439 | D:4      | Reached XP level 2. HP: 15/25 MP: 2/2
   439 | D:4      | Reached XP level 3. HP: 18/31 MP: 3/3
   573 | D:3      | Reached XP level 4. HP: 37/37 MP: 4/4
   589 | D:3      | Found a basalt altar of Yredelemnul.
   589 | D:3      | Found a blossoming altar of Fedhas.
   726 | D:2      | Noticed Robin
   887 | D:1      | Reached * piety under Cheibriados
  1524 | D:2      | Mangled by a goblin

Illustrated notes

Levels and vault maps discovered:
D:1:      kennysheep_arrival_seaside, layout_rooms
D:2:      layout_loops_cross, uniq_robin
D:3:      layout_basic, jmf_multi_god_temple,
          mainiacjoe_overflow_concentric_impassable,
          shapermc_ecumenical_altar_notcrosses
D:4:      layout_basic, st_stairs_7, small_statue_intersection,
          nicolae_wooded_promenade
D:5:      layout_loops_cross, temple_pool_b, lightli_sewer_entry_pipes,
          nicolae_shop_self_help
D:6:      layout_rooms, uniq_blork_the_orc, uniq_eustachio
Temple:   hellmonk_temple_divided_pantheon

Skill      XL: |  1  2  3  4 |
---------------+-------------+-----
Dodging        | 2 |  2.4
Short Blades   | 3 |  3.0
Fighting       | |  3.7
Stealth        | |  3.8
Invocations    | |  0.1

Action                   |  1- 3 |  4- 6 || total
-------------------------+-------+-------++-------
Melee: Short sword       |     8 |    81 ||    89
       Tailslap          |       |     7 ||     7
 Abil: Rolling Charge    |       |     5 ||     5
Evoke: Wand              |     1 |       ||     1
  Use: Scroll            |       |     3 ||     3
       Potion            |       |     3 ||     3
 Stab: Sleeping          |     2 |    10 ||    12
Armor: Leather armour    |     3 |    36 ||    39
Dodge: Dodged            |     7 |    62 ||    69

Table legend: (Time is in decaauts)
 A = Elapsed time spent in this place.
 B = Non-inter-level travel time spent in this place.
 C = Inter-level travel time spent in this place.
 D = Time resting spent in this place.
 E = Time spent auto-exploring this place.
 F = Levels seen in this place.
 G = Mean time per level.
                   A        B        C        D        E       F      G
               +--------+--------+--------+--------+--------+-----+--------+
         Total |   1894 |   1515 |    379 |    109 |    875 |   7 |  270.6 |
       Dungeon |   1859 |   1493 |    366 |    109 |    869 |   6 |  309.8 |
        Temple |     35 |     23 |     12 |      0 |      6 |   1 |   35.0 |
               +--------+--------+--------+--------+--------+-----+--------+

Top non-repeatable levels by time:
     D:1: 631 daAuts
     D:2: 396 daAuts
     D:4: 320 daAuts
     D:5: 275 daAuts
     D:3: 233 daAuts
  Temple: 35 daAuts
     D:6: 1 daAuts
